 Dungeon Crawl Stone Soup version 0.31.0-12-g77e489cdc1 (webtiles) character file.

Game seed: 3953513526259558938

6 dirge the Trooper (level 1, 23/24 HPs)
             Began as an Oni Cinder Acolyte on Feb 24, 2024.
             Was a High Priest of Ignis.
             Quit the game on level 1 of the Dungeon.
             The game lasted 00:01:27 (113 turns).

dirge the Trooper (Oni Cinder Acolyte)               Turns: 113, Time: 00:01:27

Health: 23/24      AC:  3    Str: 17    XL:     1   Next: 90%
Magic:  2/3        EV:  9    Int: 15    God:    Ignis [*****.]
Gold:   8          SH:  0    Dex:  4    Spells: 3/3 levels left

rFire   + . .        a - -1 hand axe (flame)
rCold   . . .        (no shield)
rNeg    . . .        b - +0 robe
rPois   .            (helmet restricted)
rElec   .            (no cloak)
rCorr   .            (gloves unavailable)
SInv    .            (boots unavailable)
Will    .....        (no amulet)
Stlth   +            (no ring)
HPRegen 0.24/turn    (no ring)
MPRegen 0.08/turn

%: no passive effects
@: no status effects
A: large, unfitting armour, horns 1, tough skin 1, double potion healing,
drunken brawling
a: Renounce Religion, Fiery Armour, Foxfire Swarm, Rising Flame


You were on level 1 of the Dungeon.
You worshipped Ignis.
Ignis was extremely pleased with you.
You visited 1 branch of the dungeon, and saw 1 of its levels.

You collected 8 gold pieces.

Inventory:

Hand Weapons
 a - a -1 hand axe of flaming (weapon)
Armour
 b - a +0 robe (worn)
Scrolls
 c - a scroll of blinking {unknown}
 d - a scroll of poison {unknown}


   Skills:
 + Level 4.1 Fighting
 + Level 3.1 Axes
 + Level 1.5 Spellcasting
 + Level 2.8 Fire Magic


You had 3 spell levels left.
You didn't know any spells.
Your spell library contained the following spells:

 Spells                   Type           Power      Damage    Failure   Level
 Scorch                   Fire           18%        2d5       11%         2


Dungeon Overview and Level Annotations

Branches:
Dungeon (1/15)

Altars:


Innate Abilities, Weirdness & Mutations

You are too large for most types of armour.
You have a pair of small horns on your head.
You have tough skin. (AC +1)
You gain doubled healing and magic from potions.
Whenever you drink a healing potion, you attack all around you.


Message History

Found a stone staircase leading down.
Found 2 stones.
A giant cockroach comes into view.
You see here 8 gold pieces.
You now have 8 gold pieces.
You hit the giant cockroach. You burn the giant cockroach.
The giant cockroach is severely wounded.
The giant cockroach bites you.
The giant cockroach bites you but does no damage.
You hit the giant cockroach. You burn the giant cockroach.
You kill the giant cockroach!
Okay, then.
HP restored.
c - a scroll labelled LACHIS YCKILE A rat comes into view.
The rat squeaks loudly.
An endoplasm comes into view.
Found a scroll labelled MEOBBU NATHRAE.
Found a faded altar of an unknown god.
The rat bites you.
You hit the rat but do no damage. You headbutt the rat.
You kill the rat!
You hit the endoplasm. You burn the endoplasm. The endoplasm freezes you.
You are frozen.
You hit the endoplasm. You burn the endoplasm.
You kill the endoplasm!
d - a scroll labelled MEOBBU NATHRAE A dart slug comes into view.
Found a stone staircase leading down.
The dart slug launches a dart at you. The slug dart hits you.
The dart slug closely misses you.
You hit the dart slug. You burn the dart slug.
The dart slug is heavily wounded.
The dart slug bites you.
You slash the dart slug! You burn the dart slug.
You kill the dart slug!
Found a viscous red potion.
You see here a dart slug corpse.
Are you sure you want to abandon this character and quit the game? (Confirm with "yes".)

#.# .# ....# ... . .
......... ..# # #.#.
#.#.#...#...#.#.#
......##.#.#.......#....
##.....................#
#.......#.#...........
##............##...#.#.#
...........#...........!
...........#....@......#
.....................###
###...##......#......#
###..............##.>#
............#.##.# ..#
###...........##.# ##
#.#.##.##.#.##.#
#................
##.#.......#...


There were no monsters in sight!

Vanquished Creatures
  A dart slug (D:1)
  An endoplasm (D:1)
  A giant cockroach (D:1)
  A rat (D:1)
4 creatures vanquished.

Notes
Turn   | Place    | Note
-------+----------+-------------------------------------------
     0 | D:1      | dirge the Oni Cinder Acolyte began the quest for the Orb.
     0 | D:1      | Reached XP level 1. HP: 24/24 MP: 2/2
    72 | D:1      | Found a faded altar of an unknown god.
   113 | D:1      | Quit the game

Illustrated notes

Levels and vault maps discovered:
D:1:      evilmike_arrival_plus, layout_basic, chequers_ecumenical_altar_simple

Action                     || total
---------------------------++-------
  Melee: Hand axe          ||     6
         Headbutt          ||     1
 Armour: Robe              ||     5
  Dodge: Dodged            ||     1
